 Dungeon Crawl Stone Soup version 0.28-a0-1510-gd0f6b136d3 (webtiles) character file.

Game seed: 3350103187156766664

151 Hasart the Insei (level 5, -1/34 HPs)
             Began as an Octopode Transmuter on Jan 15, 2022.
             Slain by a jelly (2 damage)
             ... on level 3 of the Dungeon.
             The game lasted 00:04:59 (3025 turns).

Hasart the Insei (Octopode Transmuter)              Turns: 3025, Time: 00:05:01

Health: -1/34      AC:  1    Str:  9    XL:     5   Next: 33%
Magic:  8/8        EV: 13    Int: 18    God:
Gold:   191        SH:  0    Dex: 12    Spells: 3/9 levels left

rFire   . . .      SeeInvis .     - Unarmed
rCold   . . .      Faith    .   (no shield)
rNeg    . . .      Spirit   .   (helmet restricted)
rPois   .          Reflect  .   (no amulet)
rElec   .          Harm     .   (no ring)
rCorr   .          Rampage  .   (no ring)
Will    .....                   (no ring)
Stlth   ++........              (no ring)
HPRegen 0.11/turn               (no ring)
MPRegen 0.11/turn               (no ring)
                                (no ring)
                                (no ring)

@: no status effects
A: almost no armour, amphibious, 8 rings, camouflage 1, gelatinous body 1,
(nimble swimmer 1), tentacles
a: no special abilities


You were on level 3 of the Dungeon.
You visited 1 branch of the dungeon, and saw 3 of its levels.

You collected 191 gold pieces.

Inventory:

Scrolls
 a - 2 scrolls of amnesia {unknown}
 b - a scroll of torment {unknown}
 c - 2 scrolls of identify {unknown}
 g - a scroll of blinking {unknown}
 h - a scroll of enchant armour {unknown}
 i - a scroll of enchant weapon {unknown}
 k - a scroll of silence {unknown}
Potions
 d - a potion of haste {unknown}
 e - a potion of mutation {unknown}
 f - 3 potions of lignification {unknown}
 j - a potion of heal wounds


   Skills:
 + Level 2.0 Fighting
 + Level 2.7 Dodging
 * Level 4.1 Unarmed Combat
 + Level 2.5 Spellcasting
 + Level 2.7 Transmutations
 + Level 1.3 Poison Magic


You had 3 spell levels left.
You knew the following spells:

 Your Spells              Type           Power      Damage    Failure   Level
a - Beastly Appendage     Tmut           24%        N/A       5%          1
b - Wereblood             Tmut           12%        N/A       9%          2
c - Spider Form           Tmut/Pois      9%         N/A       22%         3

Your spell library contained the following spells:

 Spells                   Type           Power      Damage    Failure   Level
 Foxfire                  Conj/Fire      8%         2x1d4     17%         1
 Call Canine Familiar     Summ           2%         N/A       45%         3
 Conjure Flame            Conj/Fire      2%         6-21      45%         3
 Dazzling Flash           Conj/Hex       4%         N/A       45%         3
 Inner Flame              Hex/Fire       2%         N/A       45%         3
 Summon Guardian Golem    Hex/Summ       2%         N/A       45%         3
 Ice Form                 Ice/Tmut       7%         N/A       67%         4
 Flame Wave               Conj/Fire      2%         2d4       86%         4
 Iskenderun's Mystic Bla  Conj/Tloc      2%         2d3       86%         4
 Summon Forest            Summ/Tloc      1%         N/A       99%         5
 Starburst                Conj/Fire      1%         6d3       100%        6
 Dragon's Call            Summ           1%         N/A       100%        9


Dungeon Overview and Level Annotations

Branches:
Dungeon (3/15)

Altars:


Innate Abilities, Weirdness & Mutations

You cannot wear most types of armour.
You are amphibious.
You can wear up to eight rings at the same time.
Your skin changes colour to match your surroundings (Stealth+).
Your rubbery body absorbs attacks. (AC +1, EV +1)
((You are camouflaged when in or above water. (Stealth+)))
You have tentacles for arms and can constrict up to eight enemies at once.


Message History

You kill the jackal!
No target in view!
You see here a jackal corpse.
A jelly comes into view.
A jelly is nearby!
You hear a slurping noise.
The jelly eats the door!
The jelly quivers.
You tentacle-slap the jelly. The acid corrodes you!
Your tentacles burn!
You squeeze the jelly.
The jelly is moderately wounded.
The jelly hits you. The acid corrodes you!
You are splashed with acid!
You tentacle-slap the jelly but do no damage.
Your tentacles burn!
The jelly is moderately wounded.
The jelly misses you.
You tentacle-slap the jelly but do no damage.
Your tentacles burn!
* * * LOW HITPOINT WARNING * * *
The jelly is moderately wounded.
You see here a bat corpse.
You are no longer corroded.
You see here a +0 robe.
Casting: Wereblood (safe; 9% risk of failure)
Confirm with . or Enter, or press ? or * to list all spells.
Okay, then.
You tentacle-slap the jelly.
Your tentacles burn!
* * * LOW HITPOINT WARNING * * *
The jelly is heavily wounded.
The jelly closely misses you.
You tentacle-slap the jelly.
Your tentacles burn!
* * * LOW HITPOINT WARNING * * *
The jelly is heavily wounded.
The jelly closely misses you.
You tentacle-slap the jelly but do no damage.
Your tentacles burn!
* * * LOW HITPOINT WARNING * * *
The jelly is heavily wounded.
The jelly hits you.
You die...

#........##......# #.#
#........##......# #.#
#.........'......# #.#
#.......###......#####... #.#
#.......# #.............. #.#
#......[# #......###########.#
#.......# #......# #...#
##.......###......#########.###
................@J...[.....>#
##.. #.############.##### #...
#.# #..# #.# #..# #.# ## ##.#
#.# .. #.## .. #.# ## #..# #.
#.# ##.## #.##.#


You could see a jelly.

Vanquished Creatures
  A jelly (D:3)
  Terence (D:2)
  5 adders
  A dart slug (D:2)
  5 orcs (D:3)
  A ball python (D:1)
  An endoplasm (D:1)
  5 giant cockroaches
  A goblin (D:2)
  A hobgoblin (D:1)
  A jackal (D:3)
  4 kobolds
  4 quokkas (D:2)
  5 bats
  6 frilled lizards
  5 rats (D:2)
47 creatures vanquished.

Notes
Turn   | Place    | Note
-------+----------+-------------------------------------------
     0 | D:1      | Hasart the Octopode Transmuter began the quest for the Orb.
     0 | D:1      | Reached XP level 1. HP: 13/13 MP: 3/3
   399 | D:1      | Reached XP level 2. HP: 12/18 MP: 5/5
   502 | D:1      | Learned a level 2 spell: Wereblood
  1060 | D:2      | Reached XP level 3. HP: 19/23 MP: 6/6
  1600 | D:2      | Learned a level 3 spell: Spider Form
  1828 | D:2      | Reached XP level 4. HP: 27/28 MP: 5/7
  2001 | D:2      | Noticed Terence
  2014 | D:2      | Killed Terence
  2352 | D:3      | Reached skill level 1 in Poison Magic
  2645 | D:3      | Got the Incunabulum of Companions
  2770 | D:3      | Reached skill level 4 in Unarmed Combat
  2770 | D:3      | Reached XP level 5. HP: 29/34 MP: 4/8
  3025 | D:3      | HP: 1/34 [acid (5)]
  3025 | D:3      | Slain by a jelly

Illustrated notes

Levels and vault maps discovered:
D:1:      eino_arrival_water_cross, layout_basic
D:2:      layout_basic, serial_bayou_pond_d, minmay_misc_feat_tower,
          uniq_terence
D:3:      minmay_evil_eye, layout_basic

Skill      XL: |  1  2  3  4  5 |
---------------+----------------+-----
Poison Magic   | 1 |  1.3
Unarmed Combat | 4 |  4.1
Fighting       | 2 |  2.0
Dodging        | |  2.7
Spellcasting   | |  2.5
Transmutations | |  2.7

Action                   |  1- 3 |  4- 6 || total
-------------------------+-------+-------++-------
Melee: Unarmed           |    75 |    48 ||   123
       Constrict         |    19 |    12 ||    31
       Tentacles         |    10 |    12 ||    22
       Kick              |     1 |     7 ||     8
       Punch             |     1 |     5 ||     6
 Cast: Beastly Appendage |     1 |     2 ||     3
       Wereblood         |       |     2 ||     2
       Spider Form       |       |     1 ||     1
 Stab: Sleeping          |     8 |     1 ||     9
Armor: Skin              |     9 |     3 ||    12
Dodge: Dodged            |    38 |    28 ||    66

Table legend: (Time is in decaauts)
 A = Elapsed time spent in this place.
 B = Non-inter-level travel time spent in this place.
 C = Inter-level travel time spent in this place.
 D = Time resting spent in this place.
 E = Time spent auto-exploring this place.
 F = Levels seen in this place.
 G = Mean time per level.
                   A        B        C        D        E       F      G
               +--------+--------+--------+--------+--------+-----+--------+
         Total |   3018 |   2937 |     81 |      0 |   2533 |   3 | 1006.0 |
       Dungeon |   3018 |   2937 |     81 |      0 |   2533 |   3 | 1006.0 |
               +--------+--------+--------+--------+--------+-----+--------+

Top non-repeatable levels by time:
     D:2: 1222 daAuts
     D:1: 1027 daAuts
     D:3: 768 daAuts
